2977 views
Uploaded 2020-03-25 14:11:53
Game version 1.32.3
7:52 long 4on4 ladder game on (8)Northshire_LV
Saved by BaDitO2
2977 views
Uploaded 2020-03-25 14:11:53
Game version 1.32.3
7:52 long 4on4 ladder game on (8)Northshire_LV

/ 0k
13 buildings @ 2.1k
/ 0.6k
| Peasant | 5 | 375 | / | 0 |
| total: | 5 | 375g | / | 0w |
| Altar of Kings | 1 | 180 | / | 50 |
| Farm | 1 | 80 | / | 20 |
| Lumber Mill | 1 | 120 | / | 0 |
| Barracks | 1 | 160 | / | 60 |
| total: | 4 | 540g | / | 130w |
| 0:06 | Peasant |
| 0:06 | Peasant |
| 0:12 | Altar of Kings |
| 0:26 | Farm |
| 0:33 | Peasant |
| 0:38 | Lumber Mill |
| 0:40 | Peasant |
| 0:52 | Peasant |
| 0:59 | Barracks |
| Chat | 59 |
| Right click | 22 |
| Select | 17 |
| Select group | 7 |
| Build/train/purchase | 6 |
| Assign group | 5 |
| Esc | 1 |
| Peon | 5 | 375 | / | 0 |
| total: | 5 | 375g | / | 0w |
| Orc Burrow | 1 | 160 | / | 40 |
| Altar of Storms | 1 | 180 | / | 50 |
| Barracks | 1 | 180 | / | 50 |
| total: | 3 | 520g | / | 140w |
| 0:04 | Orc Burrow |
| 0:07 | Altar of Storms |
| 0:08 | Peon |
| 0:08 | Peon |
| 0:41 | Peon |
| 0:53 | Barracks |
| 1:08 | Peon |
| 1:09 | Peon |
| Chat | 55 |
| Select | 15 |
| Right click | 12 |
| Build/train/purchase | 6 |
| Wisp | 7 | 420 | / | 0 |
| total: | 7 | 420g | / | 0w |
| Altar of Elders | 1 | 180 | / | 50 |
| Moon Well | 1 | 180 | / | 40 |
| Ancient of War | 1 | 150 | / | 60 |
| total: | 3 | 510g | / | 150w |
| 0:02 | Wisp |
| 0:02 | Wisp |
| 0:07 | Altar of Elders |
| 0:17 | Moon Well |
| 0:22 | Wisp |
| 0:34 | Wisp |
| 0:40 | Wisp |
| 0:58 | Ancient of War |
| 1:00 | Wisp |
| 1:12 | Wisp |
| Right click | 26 |
| Select | 16 |
| Chat | 14 |
| Build/train/purchase | 8 |
| Assign group | 3 |
| Use ability | 1 |
| Acolyte | 2 | 150 | / | 0 |
| total: | 2 | 150g | / | 0w |
| Crypt | 1 | 200 | / | 50 |
| Ziggurat | 1 | 150 | / | 50 |
| Altar of Darkness | 1 | 180 | / | 50 |
| total: | 3 | 530g | / | 150w |
| 0:02 | Acolyte |
| 0:02 | Acolyte |
| 0:10 | Crypt |
| 0:11 | Ziggurat |
| 0:37 | Altar of Darkness |
| Right click | 38 |
| Chat | 28 |
| Select | 10 |
| Build/train/purchase | 2 |
/ 0.6k
44 buildings @ 5.5k
/ 1.7k

| Peon | 8 | 600 | / | 0 |
| Troll Headhunter | 13 | 1820 | / | 260 |
| total: | 21 | 2420g | / | 260w |
| Altar of Storms | 1 | 180 | / | 50 |
| Orc Burrow | 4 | 640 | / | 160 |
| War Mill | 1 | 205 | / | 0 |
| Barracks | 2 | 360 | / | 100 |
| Voodoo Lounge | 1 | 130 | / | 30 |
| total: | 9 | 1515g | / | 340w |
| 0:04 | Peon |
| 0:07 | Peon |
| 0:25 | Altar of Storms |
| 0:35 | Orc Burrow |
| 0:35 | Peon |
| 0:51 | Peon |
| 0:52 | War Mill |
| 1:03 | Peon |
| 1:08 | Barracks |
| 1:34 | Peon |
| 1:39 | Peon |
| 1:49 | Orc Burrow |
| 1:55 | Peon |
| 2:11 | Troll Headhunter |
| 2:16 | Voodoo Lounge |
| 2:26 | Shockwave |
| 2:41 | Troll Headhunter |
| 2:47 | Barracks |
| 3:00 | Orc Burrow |
| 3:12 | Troll Headhunter |
| 3:13 | Troll Headhunter |
| 3:46 | Troll Headhunter |
| 3:49 | Troll Headhunter |
| 4:03 | Troll Headhunter |
| 4:39 | Endurance Aura |
| 4:43 | Troll Headhunter |
| 4:46 | Orc Burrow |
| 4:49 | Steel Ranged Weapons |
| 5:34 | Troll Headhunter |
| 6:05 | Troll Headhunter |
| 6:26 | Troll Headhunter |
| 6:27 | Troll Headhunter |
| 6:31 | Spiked Barricades |
| 6:57 | Troll Headhunter |
| Select group | 179 |
| Right click | 135 |
| Select | 118 |
| Misc. action | 86 |
| Assign group | 30 |
| Build/train/purchase | 26 |
| Use ability | 3 |

| Peasant | 10 | 750 | / | 0 |
| Footman | 25 | 3375 | / | 0 |
| total: | 35 | 4125g | / | 0w |
| Farm | 11 | 880 | / | 220 |
| Altar of Kings | 1 | 180 | / | 50 |
| Barracks | 1 | 160 | / | 60 |
| total: | 13 | 1220g | / | 330w |
| 0:05 | Peasant |
| 0:05 | Peasant |
| 0:05 | Peasant |
| 0:10 | Farm |
| 0:12 | Peasant |
| 0:17 | Altar of Kings |
| 0:24 | Barracks |
| 0:27 | Peasant |
| 0:41 | Farm |
| 0:48 | Peasant |
| 1:03 | Peasant |
| 1:16 | Peasant |
| 1:31 | Footman |
| 1:34 | Farm |
| 1:38 | Peasant |
| 1:47 | Footman |
| 1:48 | Footman |
| 1:55 | Peasant |
| 2:07 | Farm |
| 2:17 | Footman |
| 2:34 | Footman |
| 2:52 | Footman |
| 2:57 | Flame Strike |
| 3:16 | Footman |
| 3:39 | Footman |
| 3:41 | Farm |
| 3:44 | Footman |
| 4:12 | Siphon Mana |
| 4:15 | Footman |
| 4:19 | Farm |
| 4:34 | Footman |
| 4:36 | Farm |
| 5:02 | Footman |
| 5:04 | Footman |
| 5:04 | Footman |
| 5:05 | Footman |
| 5:51 | Footman |
| 5:53 | Footman |
| 5:55 | Farm |
| 5:55 | Farm |
| 6:30 | Footman |
| 7:05 | Footman |
| 7:05 | Footman |
| 7:06 | Footman |
| 7:06 | Footman |
| 7:06 | Footman |
| 7:06 | Footman |
| 7:10 | Farm |
| 7:10 | Farm |
| 7:31 | Footman |
| Right click | 174 |
| Select | 113 |
| Chat | 45 |
| Build/train/purchase | 38 |
| Minimap ping | 6 |
| Use ability | 4 |
| Remove unit | 3 |

| Peasant | 7 | 525 | / | 0 |
| Rifleman | 12 | 2460 | / | 360 |
| total: | 19 | 2985g | / | 360w |
| Blacksmith | 1 | 140 | / | 60 |
| Barracks | 1 | 160 | / | 60 |
| Farm | 7 | 560 | / | 140 |
| Altar of Kings | 1 | 180 | / | 50 |
| Keep | 1 | 320 | / | 210 |
| total: | 10 | 1040g | / | 310w |
| 0:04 | Peasant |
| 0:04 | Peasant |
| 0:04 | Peasant |
| 0:04 | Peasant |
| 0:21 | Blacksmith |
| 0:36 | Barracks |
| 0:45 | Peasant |
| 0:52 | Farm |
| 1:02 | Peasant |
| 1:07 | Peasant |
| 1:37 | Rifleman |
| 1:45 | Farm |
| 1:52 | Rifleman |
| 2:10 | Altar of Kings |
| 2:25 | Farm |
| 2:31 | Rifleman |
| 2:55 | Farm |
| 3:01 | Rifleman |
| 3:31 | Rifleman |
| 3:33 | Farm |
| 3:48 | Soul Burn |
| 4:07 | Rifleman |
| 4:29 | Rifleman |
| 4:33 | Farm |
| 4:37 | Rifleman |
| 5:11 | Rifleman |
| 5:37 | Rifleman |
| 5:58 | Farm |
| 6:08 | Keep |
| 6:38 | Rifleman |
| 7:18 | Rifleman |
| 7:40 | Incinerate |
| Right click | 93 |
| Select group | 79 |
| Select | 69 |
| Misc. action | 38 |
| Build/train/purchase | 23 |
| Assign group | 13 |
| Use ability | 5 |

| Peon | 12 | 900 | / | 0 |
| Grunt | 7 | 1400 | / | 0 |
| total: | 19 | 2300g | / | 0w |
| Watch Tower | 6 | 660 | / | 480 |
| Orc Burrow | 3 | 480 | / | 120 |
| Altar of Storms | 1 | 180 | / | 50 |
| Barracks | 1 | 180 | / | 50 |
| War Mill | 1 | 205 | / | 0 |
| total: | 12 | 1705g | / | 700w |
| 0:04 | Peon |
| 0:04 | Peon |
| 0:04 | Peon |
| 0:04 | Peon |
| 0:04 | Peon |
| 0:05 | Peon |
| 0:05 | Peon |
| 0:22 | Orc Burrow |
| 0:28 | Altar of Storms |
| 0:30 | Peon |
| 0:31 | Peon |
| 0:46 | Peon |
| 0:46 | Peon |
| 1:35 | Barracks |
| 1:38 | Orc Burrow |
| 1:47 | Peon |
| 2:16 | War Mill |
| 2:38 | Wind Walk |
| 2:43 | Grunt |
| 2:44 | Pillage |
| 2:46 | Grunt |
| 3:44 | Watch Tower |
| 3:47 | Watch Tower |
| 3:56 | Grunt |
| 3:56 | Grunt |
| 3:59 | Orc Burrow |
| 4:22 | Critical Strike |
| 4:27 | Watch Tower |
| 4:35 | Grunt |
| 5:16 | Grunt |
| 5:17 | Grunt |
| 5:22 | Steel Melee Weapons |
| 5:52 | Watch Tower |
| 6:30 | Watch Tower |
| 6:51 | Critical Strike |
| 7:05 | Watch Tower |
| Right click | 121 |
| Select | 78 |
| Build/train/purchase | 28 |
| Misc. action | 21 |
| Remove unit | 3 |
⇛